Map: Vallée des cactus EC

Players

AgCl - Winner!

  • Race: Protoss Protoss

murkantilism

  • Race: Zerg Zerg

VOD

Have the link to the VOD?

Description

Time

  • Played on: May 16, 2015, 6:40 p.m.
  • Length: 18:08
Show
View Real Time Build Order
Export as new Build Order

AgCl Protoss - Winner!

Build Orders: Oracle Opening, Oracle Opening 

Get SALT Encoding   

  12  0:03  Probe  
  13  0:22  Pylon  
  13  0:28  Probe  
  14  0:45  Gateway  
  14  0:47  Probe (Chrono Boost)  
  15  0:51  Assimilator  
  15  0:59  Probe (Chrono Boost)  
  16  1:05  Probe (Chrono Boost)  
  17  1:16  Probe (Chrono Boost)  
  18  1:24  Probe (Chrono Boost)  
  19  1:33  Probe  
  19  1:36  Cybernetics Core  
  20  1:45  Probe (Chrono Boost)  
  21  1:48  Assimilator  
  22  1:55  Probe (Chrono Boost)  
  22  1:58  Pylon  
  22  2:16  Probe (Chrono Boost), Stargate  
  23  2:27  Probe (Chrono Boost)  
  24  2:31  Zealot  
  25  2:40  Pylon  
  27  2:44  Mothership Core (Chrono Boost)  
  27  2:52  Nexus  
  27  2:59  Probe (Chrono Boost)  
  27  3:05  Oracle (Chrono Boost)  
  31  3:11  Probe  
  32  3:23  Probe  
  32  3:25  Pylon  
  33  3:35  Probe  
  34  3:48  Probe  
  35  3:50  Fleet Beacon  
  35  4:00  Probe  
  36  4:04  Probe  
  37  4:13  Probe (Chrono Boost)  
  37  4:14  Void Ray  
  42  4:18  Probe (Chrono Boost)  
  44  4:24  Assimilator  
  44  4:29  Probe x2 (Chrono Boost), Assimilator  
  45  4:35  Probe (Chrono Boost)  
  45  4:37  Probe (Chrono Boost)  
  47  4:44  Warp Gate (Chrono Boost)  
  47  4:47  Probe (Chrono Boost)  
  49  4:54  Probe (Chrono Boost)  
  49  4:56  Probe (Chrono Boost)  
  50  5:00  Probe  
  50  5:05  Probe  
  52  5:15  Carrier (Chrono Boost)  
  52  5:19  Pylon  
  52  5:32  Graviton Catapult  
  52  5:34  Nexus  
  52  5:38  Probe (Chrono Boost)  
  60  5:44  Probe (Chrono Boost)  
  60  5:55  Probe (Chrono Boost)  
  59  5:59  Probe (Chrono Boost)  
  59  6:01  Assimilator  
  60  6:04  Probe (Chrono Boost)  
  60  6:06  Assimilator  
  60  6:08  Pylon  
  60  6:12  Pylon, Stargate  
  60  6:16  Carrier (Chrono Boost)  
  60  6:18  Pylon  
  60  6:26  Probe x2  
  68  6:34  Protoss Air Weapons Level 1 (Chrono Boost)  
  68  6:38  Probe  
  68  6:39  Twilight Council  
  69  6:42  Probe (Chrono Boost)  
  70  6:47  Carrier (Chrono Boost)  
  70  6:54  Probe (Chrono Boost)  
  72  6:56  Probe (Chrono Boost)  
  72  6:59  Pylon  
  72  7:00  Probe (Chrono Boost)  
  73  7:01  Forge  
  73  7:02  Pylon  
  73  7:03  Probe (Chrono Boost)  
  73  7:05  Probe (Chrono Boost)  
  81  7:16  Probe x2  
  81  7:17  Probe  
  84  7:23  Gateway  
  84  7:25  Gateway  
  84  7:31  Probe  
  84  7:32  Phoenix  
  87  7:40  Gateway, Photon Cannon  
  87  7:47  Photon Cannon  
  89  7:52  Probe (Chrono Boost)  
  89  7:53  Probe (Chrono Boost), Pylon  
  89  7:55  Probe (Chrono Boost)  
  89  8:01  Templar Archives  
  89  8:03  Probe (Chrono Boost)  
  89  8:05  Dark Shrine  
  90  8:12  Zealot  
  95  8:20  Probe x3 (Chrono Boost)  
  93  8:27  Carrier (Chrono Boost)  
  93  8:32  Photon Cannon  
  93  8:36  Pylon, Carrier (Chrono Boost)  
  93  8:39  Psionic Storm  
  91  8:45  Nexus  
  91  8:47  Protoss Ground Weapons Level 1 (Chrono Boost)  
  97  8:52  Pylon  
  97  8:57  Protoss Air Weapons Level 2  
  103  9:19  Zealot  
  105  9:27  Pylon  
  103  9:31  Pylon, Stargate  
  103  9:38  Carrier (Chrono Boost)  
  103  9:39  Phoenix (Chrono Boost)  
  105  9:45  Robotics Facility  
  111  10:03  Assimilator  
  111  10:06  Carrier (Chrono Boost)  
  111  10:10  Robotics Facility  
  111  10:12  Gateway  
  111  10:13  Gateway  
  111  10:17  Gateway  
  111  10:18  Gateway  
  111  10:20  Pylon  
  117  10:24  Carrier (Chrono Boost)  
  121  10:47  Assimilator  
  121  10:50  High Templar x3  
  121  10:51  High Templar  
  129  11:01  Carrier x2 (Chrono Boost)  
  129  11:16  Protoss Ground Weapons Level 2 (Chrono Boost)  
  129  11:20  Observer  
  142  11:26  Carrier (Chrono Boost)  
  136  11:35  Observer  
  143  11:48  Pylon  
  143  11:51  Dark Templar x3  
  143  11:52  Dark Templar  
  133  12:03  Archon  
  133  12:04  Archon  
  129  12:10  Carrier (Chrono Boost)  
  129  12:15  Probe (Chrono Boost)  
  133  12:16  Zealot x3  
  133  12:17  Zealot  
  133  12:20  Probe x3 (Chrono Boost)  
  141  12:27  Probe (Chrono Boost)  
  142  12:30  Observer  
  142  12:35  High Templar  
  151  12:39  Photon Cannon  
  151  12:40  Probe  
  151  12:41  Probe x2  
  151  12:43  Pylon  
  154  12:52  Observer  
  155  13:04  Charge (Chrono Boost)  
  147  13:17  Probe (Chrono Boost)  
  151  13:20  High Templar  
  151  13:21  High Templar x2  
  151  13:22  Probe (Chrono Boost)  
  151  13:23  Probe x2 (Chrono Boost)  
  157  13:27  Carrier (Chrono Boost)  
  157  13:29  Probe (Chrono Boost)  
  158  13:37  Nexus  
  158  13:40  Assimilator  
  158  13:43  Probe (Chrono Boost)  
  158  13:44  Assimilator  
  158  13:46  Probe (Chrono Boost)  
  158  13:47  Photon Cannon  
  162  13:48  Pylon  
  162  13:49  Probe x2 (Chrono Boost)  
  168  14:13  Gateway  
  168  14:14  Gateway  
  168  14:15  Pylon  
  168  14:17  Gateway  
  166  14:50  Dark Templar x3  
  166  14:51  Dark Templar x3  
  166  14:52  Dark Templar  
  180  14:53  Dark Templar  
  175  15:02  Carrier x2  
  157  15:29  Archon x2  
  157  15:35  Observer  
  160  15:43  Probe x2 (Chrono Boost)  
  160  15:56  Observer  
  162  16:04  Photon Cannon  
  162  16:06  Pylon  
  162  16:08  Probe (Chrono Boost)  
  164  16:11  Probe x2 (Chrono Boost)  
  164  16:24  Zealot x3  
  164  16:25  Zealot x5  
  175  16:37  Dark Templar x3  
  127  16:56  Zealot x2  
  127  16:57  Zealot x6  
  125  17:14  Void Ray x2 (Chrono Boost)  
  119  17:54  Zealot x4  
  119  17:55  Zealot x5  
Show
View Real Time Build Order
Export as new Build Order

murkantilism Zerg 

Build Orders: Hatch First 

Get SALT Encoding   

  12  0:01  Drone  
  13  0:12  Overlord  
  13  0:17  Drone  
  14  0:30  Drone x2  
  14  0:34  Drone  
  17  0:46  Drone  
  18  0:59  Drone  
  18  1:02  Extractor  
  18  1:03  Hatchery  
  17  1:08  Drone  
  18  1:18  Spawning Pool  
  17  1:21  Drone  
  18  1:31  Drone  
  19  1:39  Overlord  
  19  1:49  Drone  
  20  2:00  Drone  
  21  2:04  Queen  
  23  2:10  Zergling x2  
  23  2:15  Zergling x2, Queen  
  27  2:21  Drone  
  28  2:27  Drone  
  29  2:30  Metabolic Boost  
  29  2:38  Drone, Zergling x2  
  31  2:49  Overlord, Queen  
  33  2:51  Drone  
  33  2:54  Queen  
  36  3:16  Drone  
  36  3:17  Drone x4  
  41  3:25  Drone x3  
  41  3:26  Overlord  
  41  3:27  Overlord  
  43  3:31  Roach Warren  
  42  3:39  Drone  
  43  3:43  Lair  
  43  3:46  Extractor  
  42  3:50  Spine Crawler  
  41  3:56  Drone x3  
  43  4:16  Drone  
  43  4:17  Drone x4  
  46  4:18  Drone x3  
  51  4:31  Spore Crawler  
  50  4:41  Spine Crawler  
  50  4:43  Drone x3  
  50  4:44  Drone x2  
  54  4:46  Drone  
  54  4:48  Evolution Chamber  
  54  4:54  Evolution Chamber  
  54  4:58  Hatchery  
  52  5:04  Glial Reconstitution  
  52  5:13  Zerg Missile Weapons Level 1, Hydralisk Den  
  51  5:15  Drone x4, Extractor  
  51  5:16  Drone  
  51  5:17  Drone  
  51  5:18  Extractor  
  51  5:20  Spore Crawler  
  54  5:24  Zerg Ground Armor Level 1  
  54  5:34  Overlord x4  
  54  5:49  Infestation Pit  
  53  5:59  Overlord x2  
  53  6:01  Roach x4  
  53  6:02  Roach x6  
  53  6:03  Roach  
  75  6:20  Overseer  
  75  6:22  Hydralisk, Muscular Augments  
  75  6:25  Zergling x8  
  81  6:35  Drone  
  81  6:36  Drone x4  
  81  6:37  Drone x5  
  81  6:39  Drone  
  92  6:49  Hydralisk x3  
  92  6:50  Hydralisk  
  92  6:53  Drone  
  101  6:55  Extractor  
  101  6:56  Extractor  
  101  6:57  Drone  
  101  6:58  Spore Crawler  
  101  7:00  Drone  
  100  7:01  Drone  
  100  7:02  Drone  
  102  7:20  Drone x4  
  104  7:27  Hydralisk x2  
  104  7:28  Hydralisk x3  
  104  7:29  Overlord x2  
  114  7:30  Overlord  
  114  7:33  Pathogen Glands  
  114  7:52  Drone x3  
  114  7:53  Hydralisk x4  
  114  7:54  Hydralisk x3  
  131  8:08  Hatchery  
  131  8:12  Hydralisk  
  130  8:13  Hydralisk x3  
  130  8:14  Overlord x2  
  137  8:44  Spire  
  137  8:45  Hydralisk x5  
  137  8:46  Hydralisk  
  148  9:02  Hydralisk x2  
  148  9:04  Overlord x4  
  148  9:05  Zerg Ground Armor Level 2  
  148  9:07  Overlord x2  
  149  9:25  Drone  
  149  9:26  Queen  
  152  9:40  Burrow  
  152  9:43  Zerg Missile Weapons Level 2  
  152  9:49  Infestor x2  
  152  9:50  Infestor x2  
  160  9:53  Drone x3  
  160  9:55  Drone, Extractor  
  160  9:56  Drone x3  
  160  9:57  Extractor  
  165  10:03  Zerg Flyer Armor Level 1  
  164  10:58  Corruptor x10  
  164  10:59  Corruptor  
  182  11:30  Roach x9  
  182  11:35  Queen  
  182  11:39  Spore Crawler  
  183  11:42  Corruptor x2  
  183  11:43  Corruptor x6  
  183  11:44  Spore Crawler  
  154  12:04  Infestor  
  134  12:11  Corruptor x5  
  144  12:23  Spine Crawler  
  144  12:28  Spine Crawler  
  142  12:30  Spine Crawler  
  141  12:46  Corruptor x3  
  141  12:47  Corruptor x2  
  141  12:48  Corruptor x2  
  155  12:57  Spine Crawler  
  154  13:10  Drone x2  
  154  13:11  Drone x2  
  158  13:13  Spine Crawler  
  158  13:17  Spine Crawler  
  154  13:39  Infestor x3, Roach x2  
  154  13:40  Corruptor, Infestor x2  
  170  13:44  Zergling x6  
  170  13:45  Zergling x2  
  170  13:46  Zergling x28  
  188  13:51  Zerg Flyer Weapons Level 1  
  188  14:14  Hive  
  188  14:27  Roach x5  
  168  14:52  Hatchery  
  147  15:01  Corruptor  
  147  15:02  Corruptor x7  
  147  15:03  Corruptor x2  
  157  15:14  Corruptor  
  157  15:15  Corruptor  
  157  15:34  Corruptor x2  
  161  15:36  Zergling x8  
  165  15:44  Overseer x2  
  165  15:54  Overseer  
  162  16:01  Roach x2  
  162  16:02  Roach x2  
  170  16:16  Roach x3  
  170  16:17  Roach x2  
  182  16:18  Roach  
  164  16:46  Roach x5  
  162  16:47  Roach x3  
  162  16:49  Roach  
  162  16:50  Roach x2  
  162  16:53  Roach  
  124  17:21  Hatchery  
  123  17:30  Roach  
  123  17:31  Hatchery, Roach x5  
  126  17:49  Roach  
Tags
 
Add a new tag
Caveats
  • Supply blocks, unpowered buildings, or Contaminate may cause inaccurate times.
  • Supply counts are checked every 10 seconds.